General information
- name: BNet
- type: Ladder team game (AT/RT)
- host: Battle.net
- saver: HumanKingTomVIP
map: MarketSquare
- players: 8
- length: 39:12
- speed: Fast
- version: 1.26 W3XP
- replay type: Public
» download(281 KB)
Players
team 1 (winner)
HumanKingTomVIP (
teal | 73 APM | 2860 actions | 39:12)
10 Goblin Tinker
3 Pocket Factory
3 Engineering Upgrade
1 Robo-Goblin
3 Cluster Rockets
» actions
| Assign group hotkey | 115 | |
| Basic commands | 89 | |
| Build / train | 149 | |
| ESC pressed | 12 | |
| Enter build submenu | 78 | |
| Enter hero's abilities submenu | 10 | |
| Give item / drop item | 8 | |
| Right click | 898 | |
| Select / deselect | 410 | |
| Select group hotkey | 849 | |
| Use ability | 242 | |
2860 total
» units
| Peasant | 52 | |
| Footman | 8 | |
| Gryphon Rider | 9 | |
| Dragonhawk Rider | 3 | |
72 total
» upgrades
| Masonry | 3 | |
| Lumber Harvesting | 1 | |
| Armor | 3 | |
| Swords | 3 | |
| Animal War Training | 1 | |
| Storm Hammers | 1 | |
12 total
» buildings
| Barracks | 1 | |
| Farm | 18 | |
| Altar of Kings | 2 | |
| Town Hall | 9 | |
| Scout Tower | 84 | |
| Lumber Mill | 1 | |
| Arcane Tower | 2 | |
| Guard Tower | 24 | |
| Keep | 3 | |
| Blacksmith | 1 | |
| Arcane Vault | 2 | |
| Castle | 2 | |
| Gryphon Aviary | 3 | |
| Arcane Sanctum | 1 | |
153 total
» build order
00:25 Barracks
00:40 Farm
01:08 Farm
01:10 Altar of Kings
01:41 Farm
02:27 Farm
03:05 Farm
03:50 Town Hall
03:57 Scout Tower
03:58 Scout Tower
04:02 Lumber Mill
04:28 Arcane Tower
04:47 Scout Tower
05:09 Guard Tower
05:12 Scout Tower
05:13 Scout Tower
05:15 Scout Tower
05:27 Arcane Tower
05:30 Keep
05:30 Keep
05:30 Keep
05:33 Scout Tower
05:34 Scout Tower
05:37 Scout Tower
05:46 Guard Tower
05:46 Guard Tower
05:46 Guard Tower
05:51 Guard Tower
06:07 Guard Tower
06:09 Guard Tower
06:45 Blacksmith
06:47 Scout Tower
07:44 Arcane Vault
07:46 Farm
07:47 Farm
08:01 Castle
08:07 Gryphon Aviary
08:07 Gryphon Aviary
08:08 Gryphon Aviary
09:21 Arcane Vault
09:33 Guard Tower
10:21 Farm
10:22 Farm
10:22 Farm
10:22 Farm
15:11 Scout Tower
15:11 Scout Tower
15:12 Scout Tower
15:13 Scout Tower
15:14 Scout Tower
15:14 Scout Tower
15:14 Scout Tower
15:14 Scout Tower
15:15 Scout Tower
15:15 Scout Tower
15:15 Scout Tower
15:16 Scout Tower
15:16 Scout Tower
15:53 Guard Tower
16:06 Guard Tower
16:24 Scout Tower
16:24 Scout Tower
16:25 Scout Tower
16:25 Scout Tower
16:25 Scout Tower
16:26 Scout Tower
16:26 Scout Tower
16:27 Scout Tower
16:27 Scout Tower
16:27 Scout Tower
16:28 Scout Tower
16:28 Scout Tower
16:28 Scout Tower
16:28 Scout Tower
16:29 Scout Tower
16:29 Scout Tower
16:29 Scout Tower
16:30 Scout Tower
16:30 Scout Tower
16:30 Scout Tower
16:35 Guard Tower
17:36 Guard Tower
17:49 Guard Tower
18:47 Guard Tower
19:13 Guard Tower
20:32 Scout Tower
20:32 Scout Tower
20:32 Scout Tower
20:33 Scout Tower
20:33 Scout Tower
20:33 Scout Tower
20:57 Scout Tower
20:58 Scout Tower
20:58 Scout Tower
20:59 Scout Tower
21:00 Scout Tower
21:00 Scout Tower
21:00 Scout Tower
21:01 Scout Tower
21:01 Scout Tower
21:02 Scout Tower
21:02 Scout Tower
21:02 Scout Tower
21:02 Scout Tower
21:36 Guard Tower
22:25 Guard Tower
22:37 Farm
22:38 Farm
22:41 Scout Tower
22:41 Scout Tower
22:41 Scout Tower
22:42 Scout Tower
23:20 Guard Tower
23:34 Guard Tower
23:34 Guard Tower
23:44 Arcane Sanctum
24:12 Scout Tower
24:12 Scout Tower
24:12 Scout Tower
24:13 Scout Tower
24:14 Scout Tower
24:53 Guard Tower
25:53 Town Hall
25:56 Town Hall
27:19 Farm
27:20 Farm
27:21 Farm
27:22 Farm
27:22 Farm
28:06 Town Hall
29:02 Town Hall
29:48 Town Hall
30:17 Altar of Kings
33:27 Town Hall
33:44 Town Hall
34:20 Town Hall
» items
| Potion of Invisibility | 1 | |
| Staff of Teleportation | 1 | |
| Lesser Clarity Potion | 2 | |
| Healing Salve | 2 | |
| Scroll of Town Portal | 12 | |
| Tiny Great Hall | 2 | |
| Orb of Lightning | 1 | |
| Staff of Sanctuary | 1 | |
| Scroll of Regeneration | 1 | |
23 total

»
26YearOldVirgin (
purple | 40 APM | 1542 actions | 38:51)
5 Mountain King
3 Storm Bolt
2 Bash
4 Paladin
2 Holy Light
2 Devotion Aura
» actions
| Assign group hotkey | 27 | |
| Basic commands | 106 | |
| Build / train | 68 | |
| ESC pressed | 1 | |
| Enter build submenu | 40 | |
| Enter hero's abilities submenu | 9 | |
| Remove unit from queue | 11 | |
| Right click | 578 | |
| Select / deselect | 301 | |
| Select group hotkey | 314 | |
| Use ability | 87 | |
1542 total
» units
| Peasant | 26 | |
| Gryphon Rider | 3 | |
| Dragonhawk Rider | 3 | |
32 total
» upgrades
| Storm Hammers | 1 | |
| Swords | 1 | |
| Armor | 1 | |
3 total
» buildings
| Altar of Kings | 2 | |
| Farm | 17 | |
| Scout Tower | 7 | |
| Arcane Tower | 1 | |
| Keep | 4 | |
| Lumber Mill | 2 | |
| Blacksmith | 2 | |
| Castle | 2 | |
| Gryphon Aviary | 4 | |
| Guard Tower | 3 | |
| Town Hall | 1 | |
| Arcane Vault | 1 | |
46 total
» build order
00:27 Altar of Kings
00:30 Farm
01:00 Scout Tower
01:01 Farm
01:34 Arcane Tower
03:30 Keep
03:58 Farm
05:19 Lumber Mill
05:33 Blacksmith
05:53 Farm
06:04 Castle
06:25 Gryphon Aviary
06:26 Gryphon Aviary
06:38 Farm
07:39 Scout Tower
07:49 Scout Tower
08:10 Guard Tower
09:57 Farm
09:59 Farm
10:01 Farm
10:34 Farm
11:18 Farm
12:20 Farm
12:34 Scout Tower
12:49 Farm
14:04 Farm
16:52 Farm
16:54 Farm
17:35 Scout Tower
17:37 Scout Tower
17:41 Scout Tower
18:10 Guard Tower
18:12 Guard Tower
24:01 Town Hall
28:36 Altar of Kings
30:30 Keep
30:30 Keep
31:21 Arcane Vault
31:24 Lumber Mill
33:05 Castle
33:09 Blacksmith
33:11 Gryphon Aviary
33:39 Farm
35:15 Gryphon Aviary
36:34 Farm
» items
pepemarcial05 (
orange | 46 APM | 1320 actions | 28:52)
5 Archmage
2 Summon Water Elemental
2 Brilliance Aura
1 Blizzard
» actions
| Assign group hotkey | 19 | |
| Basic commands | 128 | |
| Build / train | 90 | |
| Enter build submenu | 17 | |
| Enter hero's abilities submenu | 6 | |
| Remove unit from queue | 5 | |
| Right click | 537 | |
| Select / deselect | 251 | |
| Select group hotkey | 200 | |
| Use ability | 67 | |
1320 total
» units
| Peasant | 13 | |
| Footman | 6 | |
| Gryphon Rider | 16 | |
35 total
» upgrades
| Armor | 3 | |
| Swords | 3 | |
| Storm Hammers | 3 | |
9 total
» buildings
| Farm | 15 | |
| Altar of Kings | 1 | |
| Scout Tower | 5 | |
| Barracks | 1 | |
| Arcane Tower | 2 | |
| Lumber Mill | 1 | |
| Keep | 14 | |
| Blacksmith | 1 | |
| Castle | 1 | |
| Gryphon Aviary | 2 | |
| Arcane Vault | 1 | |
44 total
» build order
01:04 Farm
01:11 Altar of Kings
01:16 Scout Tower
01:23 Scout Tower
01:40 Farm
01:47 Barracks
02:01 Arcane Tower
02:18 Farm
03:07 Lumber Mill
03:42 Keep
03:42 Keep
03:43 Keep
03:43 Keep
03:45 Keep
03:46 Keep
03:57 Farm
04:00 Farm
04:03 Farm
05:29 Blacksmith
06:16 Castle
06:42 Gryphon Aviary
06:46 Gryphon Aviary
12:03 Farm
12:04 Farm
12:05 Farm
13:15 Farm
13:16 Farm
13:17 Farm
13:20 Farm
13:21 Farm
13:22 Farm
13:59 Arcane Vault
22:17 Scout Tower
22:20 Scout Tower
22:21 Scout Tower
23:56 Arcane Tower
» items
| Healing Salve | 1 | |
| Scroll of Town Portal | 1 | |
2 total
ElJefe22 (
yellow | 23 APM | 677 actions | 29:07)
2 Blademaster
1 Wind Walk
1 Mirror Image
1 Shadow Hunter
1 Healing Wave
» actions
| Build / train | 49 | |
| Enter build submenu | 28 | |
| Enter hero's abilities submenu | 3 | |
| Remove unit from queue | 4 | |
| Right click | 344 | |
| Select / deselect | 221 | |
| Use ability | 28 | |
677 total
» units
| Peon | 16 | |
| Shaman | 4 | |
| Troll Witch Doctor | 3 | |
| Tauren | 7 | |
30 total
» upgrades
| Ranged Weapons | 2 | |
| Spiked Barricades | 1 | |
| Shaman Training | 2 | |
| Witch Doctor Training | 2 | |
7 total
» buildings
| Altar of Storms | 1 | |
| Orc Burrow | 10 | |
| War Mill | 1 | |
| Stronghold | 1 | |
| Voodoo Lounge | 1 | |
| Spirit Lodge | 2 | |
| Fortress | 1 | |
| Tauren Totem | 2 | |
| Great Hall | 1 | |
| Watch Tower | 5 | |
25 total
» build order
00:08 Altar of Storms
00:12 Orc Burrow
01:27 War Mill
01:57 Orc Burrow
02:00 Orc Burrow
03:11 Stronghold
03:41 Orc Burrow
03:47 Voodoo Lounge
05:01 Orc Burrow
05:37 Spirit Lodge
05:47 Orc Burrow
06:00 Orc Burrow
06:18 Spirit Lodge
07:02 Orc Burrow
07:13 Orc Burrow
07:41 Orc Burrow
08:00 Fortress
11:02 Tauren Totem
11:07 Tauren Totem
12:03 Great Hall
15:58 Watch Tower
18:49 Watch Tower
18:54 Watch Tower
18:57 Watch Tower
19:02 Watch Tower
» items
| Potion of Healing | 1 | |
| Scroll of Town Portal | 1 | |
2 total
team 2 (loser)

»
thexhay (
red | 128 APM | 4739 actions | 36:59)
6 Blademaster
3 Wind Walk
2 Critical Strike
1 Bladestorm
» actions
| Assign group hotkey | 1201 | |
| Basic commands | 258 | |
| Build / train | 61 | |
| Enter build submenu | 25 | |
| Enter hero's abilities submenu | 6 | |
| Right click | 1400 | |
| Select / deselect | 256 | |
| Select group hotkey | 1444 | |
| Use ability | 88 | |
4739 total
» units
| Peon | 11 | |
| Wind Rider | 9 | |
| Troll Batrider | 6 | |
26 total
» upgrades
| Envenomed Spears | 1 | |
| Ranged Weapons | 2 | |
| Liquid Fire | 1 | |
| Reinforced Defenses | 1 | |
5 total
» buildings
| Altar of Storms | 1 | |
| Orc Burrow | 8 | |
| Voodoo Lounge | 1 | |
| War Mill | 1 | |
| Stronghold | 3 | |
| Watch Tower | 8 | |
| Fortress | 2 | |
| Beastiary | 3 | |
27 total
» build order
00:07 Altar of Storms
00:11 Orc Burrow
01:07 Voodoo Lounge
01:45 Orc Burrow
01:54 War Mill
03:57 Stronghold
03:57 Stronghold
04:00 Watch Tower
04:02 Watch Tower
06:21 Fortress
06:22 Fortress
06:24 Beastiary
06:28 Beastiary
06:30 Beastiary
06:33 Orc Burrow
06:36 Orc Burrow
10:05 Orc Burrow
10:07 Orc Burrow
19:38 Orc Burrow
19:41 Orc Burrow
20:46 Watch Tower
20:47 Watch Tower
20:48 Watch Tower
20:50 Watch Tower
20:52 Watch Tower
20:54 Watch Tower
» items
| Healing Salve | 1 | |
| Lesser Clarity Potion | 6 | |
| Boots of Speed | 1 | |
| Potion of Healing | 1 | |
| Circlet of Nobility | 1 | |
10 total
SIGINT (
blue | 73 APM | 2568 actions | 34:58)
7 Archmage
3 Summon Water Elemental
3 Brilliance Aura
1 Mass Teleport
» actions
| Assign group hotkey | 28 | |
| Basic commands | 127 | |
| Build / train | 87 | |
| Enter build submenu | 31 | |
| Enter hero's abilities submenu | 7 | |
| Remove unit from queue | 2 | |
| Right click | 931 | |
| Select / deselect | 490 | |
| Select group hotkey | 752 | |
| Use ability | 113 | |
2568 total
» units
| Peasant | 32 | |
| Rifleman | 11 | |
| Dragonhawk Rider | 12 | |
55 total
» upgrades
| Lumber Harvesting | 2 | |
| Gunpowder | 3 | |
| Long Rifles | 1 | |
| Cloud | 1 | |
| Armor | 2 | |
9 total
» buildings
| Altar of Kings | 1 | |
| Farm | 15 | |
| Arcane Vault | 1 | |
| Scout Tower | 5 | |
| Blacksmith | 1 | |
| Arcane Tower | 1 | |
| Barracks | 1 | |
| Keep | 1 | |
| Lumber Mill | 2 | |
| Guard Tower | 4 | |
| Castle | 1 | |
| Gryphon Aviary | 1 | |
| Town Hall | 1 | |
35 total
» build order
00:22 Altar of Kings
00:41 Farm
01:18 Farm
01:27 Arcane Vault
01:55 Farm
02:08 Scout Tower
02:35 Blacksmith
02:36 Arcane Tower
02:39 Barracks
02:41 Farm
03:22 Scout Tower
04:03 Scout Tower
04:13 Keep
04:19 Lumber Mill
04:33 Scout Tower
05:02 Scout Tower
05:23 Guard Tower
05:26 Guard Tower
05:37 Farm
05:53 Guard Tower
06:00 Guard Tower
06:14 Farm
06:52 Farm
07:01 Castle
07:41 Farm
08:21 Farm
08:58 Farm
09:29 Gryphon Aviary
09:37 Farm
10:34 Farm
12:24 Farm
13:19 Farm
13:52 Town Hall
13:59 Farm
15:13 Lumber Mill
» items
| Scroll of Regeneration | 3 | |
| Lesser Clarity Potion | 1 | |
4 total
sean582 (
pink | 53 APM | 1958 actions | 37:10)
9 Paladin
3 Holy Light
3 Devotion Aura
2 Divine Shield
1 Resurrection
» actions
| Assign group hotkey | 78 | |
| Basic commands | 91 | |
| Build / train | 85 | |
| ESC pressed | 5 | |
| Enter build submenu | 18 | |
| Enter hero's abilities submenu | 10 | |
| Give item / drop item | 3 | |
| Right click | 508 | |
| Select / deselect | 229 | |
| Select group hotkey | 794 | |
| Use ability | 137 | |
1958 total
» units
| Peasant | 23 | |
| Footman | 5 | |
| Dragonhawk Rider | 20 | |
| Gryphon Rider | 10 | |
58 total
» upgrades
| Defend | 1 | |
| Swords | 3 | |
| Armor | 2 | |
| Lumber Harvesting | 1 | |
| Masonry | 1 | |
| Storm Hammers | 1 | |
| Cloud | 1 | |
10 total
» buildings
| Farm | 13 | |
| Barracks | 1 | |
| Altar of Kings | 1 | |
| Keep | 1 | |
| Lumber Mill | 1 | |
| Blacksmith | 1 | |
| Arcane Vault | 1 | |
| Castle | 1 | |
| Gryphon Aviary | 2 | |
| Town Hall | 1 | |
23 total
» build order
00:25 Farm
00:38 Barracks
00:44 Farm
00:46 Farm
00:54 Altar of Kings
03:37 Keep
03:41 Farm
03:44 Lumber Mill
04:41 Blacksmith
05:25 Arcane Vault
05:27 Farm
05:29 Farm
06:01 Castle
06:22 Gryphon Aviary
06:23 Gryphon Aviary
07:13 Farm
07:15 Farm
07:16 Farm
10:53 Farm
10:55 Farm
10:55 Farm
13:17 Town Hall
19:16 Farm
» items
| Lesser Clarity Potion | 2 | |
| Staff of Sanctuary | 1 | |
| Scroll of Regeneration | 2 | |
5 total
HurlBoulder (
green | 96 APM | 3749 actions | 38:51)
9 Warden
3 Fan of Knives
3 Blink
1 Spirit of Vengeance
2 Shadow Strike
7 Pandaren Brewmaster
3 Breath of Fire
3 Drunken Haze
1 Storm Earth and Fire
6 Naga Sea Witch
3 Forked Lightning
2 Mana Shield
1 Tornado
» actions
| Assign group hotkey | 100 | |
| Basic commands | 52 | |
| Build / train | 96 | |
| ESC pressed | 7 | |
| Enter build submenu | 25 | |
| Enter hero's abilities submenu | 23 | |
| Give item / drop item | 9 | |
| Remove unit from queue | 7 | |
| Right click | 2253 | |
| Select / deselect | 755 | |
| Select group hotkey | 205 | |
| Use ability | 217 | |
3749 total
» units
| Wisp | 25 | |
| Huntress | 6 | |
| Hippogryph | 3 | |
34 total
» upgrades
| Sentinel | 1 | |
| Ultravision | 1 | |
| Nature's Blessing | 1 | |
| Well Spring | 1 | |
| Strength of the Wild | 1 | |
| Reinforced Hides | 1 | |
6 total
» buildings
| Altar of Elders | 1 | |
| Moon Well | 7 | |
| Hunter's Hall | 1 | |
| Ancient of War | 1 | |
| Tree of Ages | 1 | |
| Tree of Eternity | 1 | |
| Tree of Life | 3 | |
| Ancient Protector | 2 | |
| Ancient of Wonders | 1 | |
| Ancient of Wind | 5 | |
23 total
» build order
00:12 Altar of Elders
00:15 Moon Well
01:04 Moon Well
01:37 Hunter's Hall
02:12 Ancient of War
02:51 Tree of Ages
04:51 Moon Well
06:46 Tree of Eternity
08:38 Tree of Life
10:53 Ancient Protector
12:04 Ancient of Wonders
12:07 Moon Well
12:13 Tree of Life
13:36 Ancient Protector
14:36 Ancient of Wind
14:37 Ancient of Wind
16:05 Moon Well
16:28 Ancient of Wind
16:29 Ancient of Wind
16:36 Ancient of Wind
16:57 Tree of Life
18:50 Moon Well
19:34 Moon Well
» items
| Circlet of Nobility | 5 | |
| Boots of Speed | 2 | |
| Orb of Venom | 1 | |
| Staff of Preservation | 1 | |
| Potion of Healing | 2 | |
| Potion of Mana | 1 | |
| Anti-magic Potion | 1 | |
| Potion of Lesser Invulnerability | 1 | |
| Staff of Teleportation | 2 | |
16 total
Chat log
(00:05 / Allies) ElJefe22: blademaster rush
(00:33 / Allies) pepemarcial05: units??
(00:37 / Allies) HumanKingTomVIP: blademasters
(00:38 / Allies) ElJefe22: ??
(00:46 / Allies) pepemarcial05: air
(00:46 / Allies) 26YearOldVirgin: ill get mk
(00:46 / Allies) 26YearOldVirgin: stun
(00:52 / Allies) 26YearOldVirgin: for the harass
(00:56 / Allies) HumanKingTomVIP: no
(00:58 / Allies) HumanKingTomVIP: get blademaster
(01:09 / Allies) 26YearOldVirgin: i am human lol
(01:10 / Allies) 26YearOldVirgin: i cant
(01:16 / Allies) HumanKingTomVIP: get a dark ranger to level 6
(01:18 / Allies) HumanKingTomVIP: charm a peon
(01:20 / Allies) HumanKingTomVIP: and get blademaster
(01:24 / Allies) 26YearOldVirgin: lol
(01:47 / Allies) 26YearOldVirgin: just me and yellow goin or you too?
(02:07 / Allies) ElJefe22: going?
(02:10 / Allies) 26YearOldVirgin: yeah
(02:12 / Allies) 26YearOldVirgin: come
(02:32 / All) pepemarcial05: lag???
(02:37 / All) sean582: yeah sure
(02:44 / Allies) ElJefe22: they got one too
(03:02 / All) HurlBoulder: lol
(03:09 / Allies) 26YearOldVirgin: l;ol fail of a rush
(03:13 / Allies) 26YearOldVirgin: just run yellow before you die
(03:21 / Allies) 26YearOldVirgin: whajust run
(03:25 / Allies) 26YearOldVirgin: we failed
(03:49 / Allies) 26YearOldVirgin: lol got a hero
(03:52 / Allies) 26YearOldVirgin: they rushing
(03:52 / Allies) 26YearOldVirgin: help
(04:14 / Allies) HumanKingTomVIP: nice army
(04:14 / Allies) HumanKingTomVIP: rofl
(04:33 / Allies) pepemarcial05: tp??
(04:43 / Allies) 26YearOldVirgin: help
(04:44 / Allies) pepemarcial05: gogogo
(04:45 / Allies) pepemarcial05: tp
(04:46 / Allies) pepemarcial05: tp
(04:47 / Allies) pepemarcial05: gogo
(04:58 / Allies) 26YearOldVirgin: back
(06:34 / Allies) HumanKingTomVIP: oen of you noobs can expo here
(06:58 / Allies) HumanKingTomVIP: they are prolly creepign the middle by now
(07:08 / Allies) 26YearOldVirgin: probably
(08:05 / Allies) pepemarcial05: meet
(08:30 / Allies) HumanKingTomVIP: lets go
(08:31 / Allies) HumanKingTomVIP: middle
(08:40 / Allies) ElJefe22: im behind u
(08:47 / Allies) HumanKingTomVIP: focus fire
(08:49 / Allies) HumanKingTomVIP: the weak ones
(09:00 / Allies) HumanKingTomVIP: focus enemy units
(09:01 / Allies) HumanKingTomVIP: nto creeps
(09:03 / Allies) HumanKingTomVIP: dont noob it up
(09:14 / Allies) 26YearOldVirgin: we need aa
(09:18 / Allies) pepemarcial05: b
(09:20 / Allies) pepemarcial05: b
(09:20 / Allies) pepemarcial05: b
(09:21 / Allies) pepemarcial05: b
(09:33 / Allies) 26YearOldVirgin: yellow are you ognna get any fuckin units?
(09:47 / Allies) ElJefe22: shaman
(09:51 / Allies) 26YearOldVirgin: fuck
(09:52 / Allies) 26YearOldVirgin: noob
(10:03 / Allies) HumanKingTomVIP: dude you shoudl have known hes a noob
(10:07 / Allies) HumanKingTomVIP: whebn he said "blademasters rush"
(10:08 / Allies) HumanKingTomVIP: rofl
(11:07 / All) pepemarcial05: lag??
(11:17 / Allies) pepemarcial05: cancel
(11:39 / Allies) HumanKingTomVIP: rofl
(12:06 / Allies) 26YearOldVirgin: help
(12:11 / Allies) pepemarcial05: tpo
(12:13 / Allies) pepemarcial05: tp
(13:08 / Allies) HumanKingTomVIP: tower your base you nooblord
(13:16 / Allies) 26YearOldVirgin: wood plz
(13:20 / Allies) HumanKingTomVIP: u can at least slow down the rate your feeding them at
(13:49 / Allies) pepemarcial05: GOLD PLZ
(13:54 / Allies) HumanKingTomVIP: go to hell you nooby mex
(13:56 / Allies) HumanKingTomVIP: mass bats please
(14:02 / Allies) HumanKingTomVIP: nto shitty taurens
(14:04 / Allies) HumanKingTomVIP: theyre all air
(14:07 / Allies) HumanKingTomVIP: you dumb mexitroll
(14:59 / Allies) pepemarcial05: meet
(15:12 / Allies) 26YearOldVirgin: wood plz
(15:20 / Allies) pepemarcial05: ggoogog
(15:33 / Allies) 26YearOldVirgin: wood
(16:12 / Allies) 26YearOldVirgin: kill air production
(17:14 / Allies) 26YearOldVirgin: tp
(17:14 / Allies) 26YearOldVirgin: out
(17:16 / Allies) 26YearOldVirgin: DONT STAY
(17:18 / Allies) 26YearOldVirgin: DONT STAY
(17:20 / Allies) 26YearOldVirgin: DONT STAY
(17:22 / Allies) 26YearOldVirgin: DONT SUICIDE FUCK
(17:29 / Allies) 26YearOldVirgin: WHY
(17:30 / Allies) 26YearOldVirgin: WHY SUICIDE?
(17:49 / Allies) pepemarcial05: nooob
(17:52 / Allies) 26YearOldVirgin: fucking idiot orange and yellow
(17:53 / Allies) 26YearOldVirgin: suiciders
(18:02 / Allies) HumanKingTomVIP: they are mexicans
(18:04 / Allies) pepemarcial05: estupud purp
(18:04 / Allies) HumanKingTomVIP: what do you expect
(18:06 / Allies) pepemarcial05: noob
(18:08 / Allies) HumanKingTomVIP: nice base
(18:09 / Allies) HumanKingTomVIP: by the way
(18:52 / Allies) 26YearOldVirgin: yellow
(18:55 / Allies) 26YearOldVirgin: you realise they are gettin air
(18:59 / Allies) 26YearOldVirgin: we dont need fuckin tauren
(19:05 / Allies) HumanKingTomVIP: say it in spanish
(19:07 / Allies) HumanKingTomVIP: hes a mexican
(19:28 / Allies) HumanKingTomVIP: if this mex had massed bats
(19:32 / Allies) HumanKingTomVIP: teh game would be over
(19:33 / Allies) HumanKingTomVIP: by now
(19:44 / Allies) 26YearOldVirgin: yeah fucking moron
(19:49 / Allies) 26YearOldVirgin: and if orange didnt suicide
(19:50 / Allies) HumanKingTomVIP: ur our worst player though
(20:01 / Allies) 26YearOldVirgin: yeah ok
(20:37 / Allies) pepemarcial05: meet
(20:38 / Allies) pepemarcial05: b
(20:44 / Allies) HumanKingTomVIP: dont speak mex
(20:45 / Allies) HumanKingTomVIP: sorry bro
(20:56 / Allies) pepemarcial05: back you base+
(21:03 / Allies) 26YearOldVirgin: stfu orange
(21:07 / Allies) 26YearOldVirgin: we lost cuz you suicided
(21:17 / Allies) ElJefe22: :)
(21:18 / Allies) 26YearOldVirgin: and then when they countered you couldnt help
(21:26 / Allies) HumanKingTomVIP: virgin what did you do this game
(21:30 / Allies) HumanKingTomVIP: besides bolt a bm
(21:31 / Allies) HumanKingTomVIP: one time
(21:32 / Allies) 26YearOldVirgin: i took out greens base
(21:38 / Allies) 26YearOldVirgin: that's what i did
(21:52 / Allies) 26YearOldVirgin: orange and yellow suicided
(21:54 / Allies) 26YearOldVirgin: i took out a base
(21:58 / Allies) 26YearOldVirgin: id say i did much better than them lol
(22:00 / Allies) HumanKingTomVIP: with what?
(22:02 / Allies) HumanKingTomVIP: ur mountain king?
(22:06 / Allies) 26YearOldVirgin: with gryphons that i used to have
(22:10 / Allies) 26YearOldVirgin: before i lost them all fighting 3 armies
(22:16 / Allies) 26YearOldVirgin: cuz orange and yellow suicided
(22:22 / Allies) HumanKingTomVIP: sounds like u suuicided
(22:30 / Allies) 26YearOldVirgin: whatever you say
(23:27 / All) 26YearOldVirgin: lol
(23:36 / Allies) HumanKingTomVIP: wood pls
(23:49 / Allies) ElJefe22: :)
(24:11 / Allies) ElJefe22: hahaha
(24:16 / Allies) 26YearOldVirgin: towers are useless i guess
(24:17 / Allies) 26YearOldVirgin: lol
(24:25 / Allies) ElJefe22: hahahahaha fucking towers
(24:28 / All) 26YearOldVirgin: lol
(24:30 / Allies) ElJefe22: retard
(24:33 / All) sean582: cold is the fog of wart
(24:44 / Allies) 26YearOldVirgin: yellow you're the retard
(24:50 / Allies) ElJefe22: :)
(24:54 / All) HurlBoulder: GOTTA SAY THAT TINKER WAS REALLY BRILLIANT
(24:57 / Allies) pepemarcial05: M,EET
(24:58 / Allies) pepemarcial05: MEET
(25:00 / Allies) pepemarcial05: MEETE
(25:02 / Allies) pepemarcial05: MEEET
(25:03 / Allies) pepemarcial05: MEET
(25:07 / Allies) pepemarcial05: meet
(25:09 / Allies) pepemarcial05: nooob
(25:10 / Allies) pepemarcial05: !!!!
(27:03 / Allies) 26YearOldVirgin: lol im gettin my base back up
(27:12 / Allies) 26YearOldVirgin: lol would be hillarious if we win
(27:29 / Allies) 26YearOldVirgin: wood plz
(28:01 / Allies) 26YearOldVirgin: lol
(28:04 / Allies) 26YearOldVirgin: fucked
(28:56 / All) HumanKingTomVIP: sweet
(28:58 / All) HumanKingTomVIP: no free rides
(31:39 / All) 26YearOldVirgin: you guys are fucked lol
(35:00 / All) HumanKingTomVIP: rofl
(35:01 / All) HumanKingTomVIP: 1v4
(35:02 / All) HumanKingTomVIP: 1v7
(37:12 / All) HumanKingTomVIP: rofl
(37:13 / All) HumanKingTomVIP: stay pls
(38:22 / All) HurlBoulder: ?
(38:50 / All) HumanKingTomVIP: rofl